Unix NetHack Version 5.0.0-0 post-release - last build Jul 19 2026 19:10:59 (3aa4ab31751d3886436d94b585a96704892fd477,branch:main).

Game began 2026-07-22 18:43:27, ended 2026-07-23 10:07:45.

Anarchos, lawful female dwarven Valkyrie

                        --------------------------------
                        |..............................|
                        |.-----|----------.{..------|-.|
                        |.|...|..|....|?!|---.|(((|..|.-#     ----------
                        |@-...|.{|....|!%|  +.|(((|..|.|#     |........|
                       #-.|--------|--|..|  |.|.. |..|.|######.........|
                       #|.|....|......--|----.-|-----|.|#     |........|
                      ##|.|....-.-|--.............|..|.|######.........|
                      # |.|._..|.|..|.....{..--|-.-..|.|##    |.......>|
                      # |.|....|.|%]|....---||..|.----.|# #   --------|-
                      # |.|-----.|%%|....| ..|..|......|# ###         #
                    `## |.|...|..|------|| ..|-----|--.|#   #         #
         *#*        #   |.|...-..+  |....| ..|..| ...|.|#   #         #
       -......-..-###   |.|...|..|  |....|...|..|....|.|#   #  -------.--
       ...........###   |.-----..-------------..------.|#   #  |........|
       ..........|###   ...............................|#   ###..<......|
       ..........-###* #--------------------------------#      ----------
       ...........###*###################################
       ...-----... ####

Anarchos the Skirmisher     St:18/01 Dx:16 Co:15 In:9 Wi:8 Ch:10  Lawful
Dlvl:5  $:15 HP:0(44) Pw:4(4) AC:3  Xp:4 T:2008  Blind

Latest messages:
 It bites!
 You hear some noises.
 You feel an unseen monster!
 You feel an unseen monster!
 In what direction? 6
 The door closes.
 You hear the chime of a cash register.
 You hear the chime of a cash register.
 You hear crashing rock.
 You feel an unseen monster!
 You hear a door open.
 You feel an unseen monster!
 You feel an unseen monster!
 You feel an unseen monster!
 You feel an unseen monster!
 You feel an unseen monster!
 It bites!
 It bites!
 It bites!
 It misses!
 It bites!
 It bites!
 It bites!
 It bites!
 You feel an unseen monster!
 It bites!
 It bites!
 It bites!
 You feel an unseen monster!
 It misses!
 It misses!
 It bites!
 It bites!
 You feel an unseen monster!
 It bites!
 It misses!
 It bites!
 It bites!
 It misses!
 It bites!
 It just misses!
 It misses!
 It misses!
 It bites!
 It bites!
 You feel an unseen monster!
 It bites!
 You die...
 Do you want your possessions identified? [ynq] (y) y
 Do you want to see your attributes? [ynq] (y) q

Inventory:
 Coins    ('$')
  $ - 15 gold pieces
 Weapons  (')')
  z - 2 +0 arrows
  w - a +0 dart
  x - a very rusty +0 dart
  b - a corroded +0 dagger
  a - a +1 dwarvish spear (weapon in right hand)
  y - a +0 javelin (at the ready)
  o - a +0 flail
 Armor    ('[')
  e - a blessed +2 pair of gauntlets of dexterity (being worn)
  c - an uncursed +3 small shield (being worn)
 Comestibles  ('%')
  i - 3 uncursed lichen corpses
 Spellbooks  ('+')
  q - a blessed spellbook of detect monsters
  t - an uncursed spellbook of haste self
 Potions  ('!')
  j - an uncursed potion of enlightenment
  m - an uncursed potion of hallucination
  g - a blessed potion of healing
  A - a cursed potion of object detection
 Rings    ('=')
  f - an uncursed ring of conflict
  h - an uncursed -1 ring of increase damage (on left hand)
 Tools    ('(')
  B - an uncursed magic whistle
 Gems/Stones  ('*')
  n - an uncursed citrine stone
  u - an uncursed worthless piece of orange glass
  p - 2 uncursed worthless pieces of white glass
  s - an uncursed worthless piece of yellow glass
  v - an uncursed worthless piece of yellowish brown glass

Anarchos the Valkyrie's attributes:

Background:
 You were a Skirmisher, a level 4 dwarven Valkyrie.
 You were lawful, on a mission for Tyr
 who was opposed by Odin (neutral) and Loki (chaotic).
 You were right-handed.
 You were in the Gnomish Mines, on level 5.
 You entered the dungeon 2008 turns ago.
 You had 124 experience points, 36 more were needed to attain level 5.

Basics:
 You had 0 out of 44 hit points.
 You had all 4 energy points (spell power).
 Your armor class was 3.
 Your wallet contained 15 zorkmids.
 Autopickup was on for all types.

Final Characteristics:
 Your strength was 18/01 (limit:18/100).
 Your dexterity was 16 (base:14, limit:20).
 Your constitution was 15 (limit:20).
 Your intelligence was 9 (limit:16).
 Your wisdom was 8 (limit:16).
 Your charisma was 10 (limit:16).

Final Status:
 You were temporarily blind.
 You weren't hungry.
 You were unencumbered.
 You were wielding a spear.
 You had basic skill with spear.

Final Attributes:
 You were devoutly aligned.
 You were cold resistant.
 You had infravision.
 You were stealthy.
 You had a small damage penalty (-1).
 You are dead.

Miscellaneous:
 You didn't encounter any bones levels.
 Total elapsed playing time was 54 minutes and 5 seconds.

Major events:
 Turn
    1: Anarchos the lawful dwarven Valkyrie entered the dungeon
  571: entered the Gnomish Mines
 1021: attained the rank of Skirmisher (level 3)
 1140: reached Mine Town
 2008: killed by a giant ant

Spells:
 Name                 Level Category     Fail Retention
 detect monsters        1   divination    68%  76%-100%

Skills:
 Fighting Skills
   bare handed combat [Unskilled]
   two weapon combat  [Unskilled]
   riding             [Unskilled]
 Weapon Skills
   dagger             [Basic]
   axe                [Unskilled]
   pick-axe           [Unskilled]
   short sword        [Unskilled]
   broadsword         [Unskilled]
   long sword         [Unskilled]
   two-handed sword   [Unskilled]
   saber              [Unskilled]
   hammer             [Unskilled]
   quarterstaff       [Unskilled]
   polearms           [Unskilled]
   spear              [Basic]
   trident            [Unskilled]
   lance              [Unskilled]
   sling              [Unskilled]
 Spellcasting Skills
   attack spells      [Unskilled]
   escape spells      [Unskilled]

Voluntary challenges:
 Character rerolling was not enabled.
 You never genocided any monsters.
 You never polymorphed an object.
 You never changed form.
 You used no wishes.
Achievements:
 You entered a shop.
 You entered the Gnomish Mines.
 You attained the rank of Skirmisher.
 You entered Minetown.
 You entered a temple.

 The Dungeons of Doom: levels 1 to 2
    Level 1:
    Level 2:
       A potion shop.
       Stairs down to The Gnomish Mines.
 The Gnomish Mines: levels 3 to 5
    Level 3:
    Level 4:
    Level 5: <- You were here.
       A general store, a temple and an altar, some fountains, a sink.
       Final resting place for
          you, killed by a giant ant.


Vanquished creatures:
  a water nymph
  a rothe
  a rabid rat
  a centipede
  5 monkeys
 an acid blob
  a large kobold
  2 giant rats
  a cave spider
  3 gnomes
  a gecko
  3 jackals
  2 kobolds
  6 grid bugs
  3 lichens
  a kobold zombie
  a newt
34 creatures vanquished.

No species were genocided or became extinct.

Game over:
                       ----------
                      /          \
                     /    REST    \
                    /      IN      \
                   /     PEACE      \
                  /                  \
                  |     Anarchos     |
                  |      15 Au       |
                  |   killed by a    |
                  |    giant ant     |
                  |                  |
                  |                  |
                  |       2026       |
                 *|     *  *  *      | *
        _________)/\\_//(\/(/\)/\//\/|_)_______

Farvel Anarchos the Valkyrie...

You died in The Gnomish Mines on dungeon level 5 with 710 points,
and 15 pieces of gold, after 2008 moves.
You were level 4 with a maximum of 44 hit points when you died.

